 Dungeon Crawl Stone Soup version 0.18-b1-10-g3f7de93 (webtiles) character file.

24 MTVSty1e the Shield-Bearer (level 3, -1/34 HPs)
             Began as a Gargoyle Fighter on Apr 29, 2016.
             Slain by a jackal (2 damage)
             ... on level 1 of the Dungeon.
             The game lasted 00:02:27 (788 turns).

MTVSty1e the Shield-Bearer (Gargoyle Fighter)        Turns: 788, Time: 00:02:28

Health: -1/34      AC: 21    Str: 20    XL:     3   Next: 2%
Magic:  3/3        EV:  2    Int:  8    God:
Gold:   23         SH:  9    Dex:  9    Spells: 0 memorised, 2 levels left

rFire  . . .     SeeInvis .     a - +0 flail
rCold  . . .     Gourm    .     (armour currently unavailable)
rNeg   + + +     Faith    .     c - +0 shield
rPois  ∞         Spirit   .     (helmet currently unavailable)
rElec  .         Dismiss  .     (cloak currently unavailable)
rCorr  .         Reflect  .     (gloves currently unavailable)
SustAt .         Harm     .     (boots currently unavailable)
MR     .....     NoTele   +     (no amulet)
Stlth  +.........               (no ring)
                                (no ring)

@: tree-form (expiring), not resistant to hostile enchantments, very unstealthy
A: negative energy resistance 1, (electricity resistance), (unbreathing),
petrification resistance, rot immunity, AC +3
a: no special abilities


You were on level 1 of the Dungeon.
You were not hungry.
You were a tree.
You visited 1 branch of the dungeon, and saw 1 of its levels.

You collected 23 gold pieces.

Inventory:

Hand Weapons
 a - a +0 flail (weapon)
Armour
 b - a +0 scale mail (melded)
 c - a +0 shield (worn)
Scrolls
 i - a scroll of remove curse {unknown}
 j - a scroll of recharging {unknown}
Comestibles
 f - 2 bread rations
 h - a beef jerky


   Skills:
 * Level 3.5 Fighting
 * Level 2.2 Maces & Flails
 + Level 3.4 Armour
 * Level 0.5 Dodging
 + Level 0.2 Stealth
 + Level 3.7 Shields


You had 2 spell levels left.
You didn't know any spells.

Dungeon Overview and Level Annotations

Branches:
Dungeon (1/15)

Altars:


Innate Abilities, Weirdness & Mutations

You are resistant to torment.
((Your stone body is resilient (AC +3).))
You are immune to poison.
You resist negative energy.
((You are resistant to electric shocks.))
((You can survive without breathing.))
You are immune to petrification.
You are immune to rotting.


Message History

You block the jackal's attack.
The jackal bites you but does no damage.
Your shield prevents you from hitting the jackal.
The jackal is heavily wounded.
The jackal bites you but does no damage. x3
You block the jackal's attack.
The jackal bites you but does no damage.
You block the jackal's attack.
You barely miss the jackal.
The jackal is heavily wounded.
The jackal bites you but does no damage.
You block the jackal's attack. The jackal bites you.
* * * LOW HITPOINT WARNING * * *
The jackal bites you but does no damage. x3
You closely miss the jackal.
The jackal is heavily wounded.
You block the jackal's attack. x3
The jackal bites you but does no damage.
The jackal bites you.
You die...

.......#..............#.....
...................##.####..
.........................+..
.......#..............####..
.......#'##.......#.......##
..........#.......#.......#.
..........#.......#.......#.
..........#h......#.......#.
.........gh♣..............#.
..........#h.......†......##
#.........###.............##
#.........# #............###
#.......... #...............
#......#....+...............
.....#... ####+#..........
.....#.... #......##......
#......##......


You could see 3 jackals and a hobgoblin.

Vanquished Creatures
  A dart slug (D:1)
  2 giant geckos (D:1)
  2 goblins (D:1)
  A hobgoblin (D:1)
  5 jackals (D:1)
  3 bats (D:1)
  A giant newt (D:1)
  2 kobolds (D:1)
  2 rats (D:1)
19 creatures vanquished.

Notes
Turn   | Place    | Note
--------------------------------------------------------------
     0 | D:1      | MTVSty1e the Gargoyle Fighter began the quest for the Orb.
     0 | D:1      | Reached XP level 1. HP: 14/14 MP: 1/1
   165 | D:1      | Reached XP level 2. HP: 19/19 MP: 2/2
   785 | D:1      | Reached XP level 3. HP: 2/23 MP: 3/3
   787 | D:1      | HP: 1/34 [jackal (2)]
   788 | D:1      | Slain by a jackal

Action                   || total
-------------------------++-------
Melee: Flail             ||   100
  Use: Potion            ||     4
Armor: Scale mail        ||   109
       Skin              ||    37
Dodge: Dodged            ||    60
Block: Shield            ||   115
